 Dungeon Crawl Stone Soup version 0.31-a0-833-gc15d34cb79 (webtiles) character file.

Game seed: 14467794435039377225

1512 Kurtz the Cleaver (level 8, -2/79 HPs)
             Began as an Octopode Fighter on Sept 25, 2023.
             Killed from afar by Sigmund (8 damage)
             ... with a puff of flame
             ... on level 6 of the Dungeon.
             The game lasted 00:05:07 (5918 turns).

Kurtz the Cleaver (Octopode Fighter)                Turns: 5918, Time: 00:05:07

Health: -2/79      AC:  1    Str: 22    XL:     8   Next: 83%
Magic:  8/8        EV: 17    Int: 10    God:
Gold:   242        SH:  6    Dex: 25    Spells: 7/7 levels left

rFire   . . .        a - +0 war axe
rCold   . . .        b - +0 buckler
rNeg    . . .        (helmet restricted)
rPois   .            (no amulet)
rElec   .            u - +6 ring of strength
rCorr   .            v - +6 ring of dexterity
SInv    .            y - +6 ring of dexterity
Will    .....        (no ring) Stlth
                     (no ring)
HPRegen 0.00/turn    (no ring)
MPRegen 0.11/turn    (no ring)
                     (no ring)

%: no passive effects
@: brilliant, berserking, inhibited regen, very quick
A: almost no armour, amphibious, 8 rings, camouflage 1, gelatinous body 1,
(nimble swimmer 1), tentacles, antennae 1, inhibited regeneration, inability to
read after injury 1
a: no special abilities


You were on level 6 of the Dungeon.
You visited 2 branches of the dungeon, and saw 7 of its levels.

You collected 242 gold pieces.

Inventory:

Hand Weapons
 a - a +0 war axe (weapon)
Missiles
 x - 2 throwing nets
Armour
 b - a +0 buckler (worn)
Jewellery
 u - a +6 ring of strength (left tentacle)
 v - a +6 ring of dexterity (right tentacle)
 y - a +6 ring of dexterity (on tentacle)
Wands
 n - a wand of roots (8)
 A - a wand of flame (20)
Scrolls
 c - 2 scrolls of immolation {unknown}
 d - a scroll of fog {unknown}
 e - 2 scrolls of vulnerability {unknown}
 h - 3 scrolls of revelation {unknown}
 i - a scroll of blinking {unknown}
 j - 4 scrolls of teleportation {unknown}
 k - 5 scrolls of poison {unknown}
 p - 3 scrolls of identify {unknown}
 q - a scroll of amnesia {unknown}
 r - 2 scrolls of silence {unknown}
 z - a scroll of noise {unknown}
Potions
 f - 2 potions of attraction
 l - a potion of cancellation
 s - 2 potions of curing


   Skills:
 + Level 3.6 Fighting
 * Level 9.8 Axes
 + Level 5.1 Dodging
 - Level 3.0 Shields


You had 7 spell levels left.
You didn't know any spells.
Your spell library contained the following spells:

 Spells                   Type           Power      Damage    Failure   Level
 Inner Flame              Hex/Fire       0%         N/A       80%         3
 Flame Wave               Conj/Fire      0%         2d4       99%         4
 Manifold Assault         Tloc           0%         N/A       99%         4
 Sticky Flame             Conj/Fire      0%         2d3       99%         4
 Dispersal                Tloc           0%         N/A       100%        6
 Disjunction              Tloc           0%         N/A       100%        8


Dungeon Overview and Level Annotations

Branches:
Dungeon (6/15)             Temple (1/1) D:4

Altars:
Ashenzari
Cheibriados
Dithmenos
Elyvilon
Fedhas
Nemelex Xobeh
Qazlal
Ru
Sif Muna
Trog
Wu Jian
Xom
Zin
The Shining One

Annotations:
D:6 Sigmund


Innate Abilities, Weirdness & Mutations

You cannot wear most types of armour.
You are amphibious.
You can wear up to eight rings at the same time.
Your skin changes colour to match your surroundings (Stealth+).
Your rubbery body absorbs attacks. (AC +1, EV +1)
((You are camouflaged when in or above water. (Stealth+)))
You have tentacles for arms and can constrict up to eight enemies at once.
You have a pair of small antennae on your head.
You do not regenerate when monsters are visible.
You occasionally lose the ability to read scrolls when taking damage.


Message History

You feel attractive to monsters.
The ogre looks more healthy.
The ice beast completely misses you.
Sigmund gestures wildly while chanting.
Sigmund flickers and vanishes!
Deactivating autopickup; reactivate with Ctrl-A.
The ogre misses you. Something is attracted toward you.
It was a potion of heal wounds.
You feel much better. The ice beast completely misses you.
It was a potion of cancellation.
Your magical effects are unravelling.
You feel magically purged. The ogre hits you with a +0 giant club!
Something closely misses you. You block the ice beast's attack.
You feel less attractive to monsters.
It was a potion of mutation.
You feel extremely strange. A pair of antennae grows on your head!
You occasionally lose the ability to read scrolls when taking damage.
Your regeneration stops near monsters.
The ice beast barely misses you.
A shadow imp comes into view.
The ogre completely misses you.
It was a potion of brilliance.
You feel clever all of a sudden. Something hits you! The ice beast hits you.
The ice beast freezes you!
It was a potion of berserk rage.
A red film seems to cover your vision as you go berserk!
You feel yourself moving faster!
You feel mighty! The ogre misses you. The ice beast hits you.
The ice beast freezes you!
* * * LOW HITPOINT WARNING * * *
Something hits you!
* * * LOW HITPOINT WARNING * * *
You barely miss the ice beast. You slash the ogre!
The ice beast closely misses you.
Unknown command.
You slash the ogre!
You kill the ogre!
You slash the ice beast!
You hear a zap.
A puff of flame appears from out of thin air!
The puff of flame hits you!
You die...

#.# .. #....#
..##.##!...# #
.....#....###$
#. .............
#.##. ..........
#....##.........
#.#.............
#...5.{)@Y......
#..##..###......
##†##†......
#<......##.
......)...#..##
.....(....# .#
....(.(....# ..
.((.!....#... .#
.........##... #


You could see an ice beast and a shadow imp.

Vanquished Creatures
  2 water moccasins (D:5)
  2 ogres
  A bullfrog (D:3)
  6 scorpions (D:5)
  2 howler monkeys
  A gnoll bouda (D:5)
  2 jellies
  An orc priest (D:3)
  2 hounds (D:5)
  A sleepcap (D:5)
  Natasha (thrice) (D:4)
  3 iguanas
  3 orc wizards
  8 gnolls
  12 adders
  2 worms
  4 dart slugs
  13 orcs
  7 bats
  4 endoplasms
  2 giant cockroaches
  8 goblins
  7 hobgoblins
  2 jackals (D:2)
  2 quokkas
  6 ball pythons
  3 frilled lizards
  10 kobolds
  5 rats (D:1)
124 creatures vanquished.

Notes
Turn   | Place    | Note
-------+----------+-------------------------------------------
     0 | D:1      | Kurtz the Octopode Fighter began the quest for the Orb.
     0 | D:1      | Reached XP level 1. HP: 16/16 MP: 1/1
   164 | D:1      | Reached XP level 2. HP: 10/21 MP: 2/2
   727 | D:1      | Reached XP level 3. HP: 25/26 MP: 3/3
   749 | D:1      | Reached skill level 3 in Axes
  1188 | D:2      | Reached XP level 4. HP: 31/31 MP: 4/4
  1958 | D:3      | Reached skill level 4 in Axes
  1961 | D:3      | Reached XP level 5. HP: 26/36 MP: 5/5
  2121 | D:3      | Found a shadowy altar of Dithmenos.
  2438 | D:3      | Reached skill level 5 in Axes
  2438 | D:3      | Reached XP level 6. HP: 26/42 MP: 6/6
  3063 | D:4      | Found a staircase to the Ecumenical Temple.
  3264 | Temple   | Entered the Ecumenical Temple
  3311 | D:4      | Noticed Natasha
  3315 | D:4      | Killed Natasha
  3321 | D:4      | Reached skill level 6 in Axes
  3488 | D:4      | Noticed Natasha
  3495 | D:4      | Killed Natasha
  3498 | D:4      | Noticed Natasha
  3505 | D:4      | Killed Natasha
  3629 | D:4      | Reached XP level 7. HP: 40/46 MP: 7/7
  3915 | D:5      | Entered Level 5 of the Dungeon
  3965 | D:5      | Found a sacrificial altar of Ru.
  3974 | D:5      | Reached skill level 7 in Axes
  4457 | D:5      | Found a blossoming altar of Fedhas.
  4473 | D:5      | Found a snail-covered altar of Cheibriados.
  4947 | D:5      | Reached skill level 8 in Axes
  5113 | D:5      | Reached XP level 8. HP: 52/52 MP: 8/8
  5363 | D:5      | Reached skill level 9 in Axes
  5363 | D:5      | Reached skill level 5 in Dodging
  5905 | D:6      | Noticed Sigmund
  5914 | D:6      | Gained mutation: You have a pair of small antennae on your
                  | head. [potion of mutation]
  5914 | D:6      | Gained mutation: You occasionally lose the ability to read
                  | scrolls when taking damage. [potion of mutation]
  5914 | D:6      | Gained mutation: You do not regenerate when monsters are
                  | visible. [potion of mutation]
  5918 | D:6      | Killed from afar by Sigmund

Illustrated notes

Levels and vault maps discovered:
D:1:      dpeg_arrival_solitude, layout_loops_corners, serial_forest,
          infiniplex_forest_clump_cross, infiniplex_forest_lined_2,
          infiniplex_forest_straight_5, infiniplex_forest_lined_3,
          infiniplex_forest_lined_room_2
D:2:      layout_loops_ring, serial_rivers, chequers_serial_rivers_micro_c,
          chequers_serial_rivers_micro_b, chequers_serial_rivers_micro_c,
          chequers_serial_rivers_small_3, chequers_serial_rivers_micro_c,
          chequers_serial_rivers_micro_d
D:3:      layout_basic, mainiacjoe_overflow_cross_hatched,
          kennysheep_nondescript
D:4:      layout_basic, temple_statues, minmay_box_of_dots, uniq_natasha
D:5:      minmay_chambers_of_threes, layout_basic,
          mainiacjoe_overflow_six_doors_small, mainiacjoe_overflow_swirl
D:6:      layout_cave_pools, kennysheep_okawaru_gauntlet, kennysheep_donut,
          roderic_nine_men_s_morris, uniq_jeremiah, uniq_grinder, uniq_sigmund
Temple:   hellmonk_temple_beads

Skill      XL: |  1  2  3  4  5  6  7  8 |
---------------+-------------------------+-----
Axes           | 3 4 5 6 8 9 |  9.8
Dodging        | 4 5 |  5.1
Fighting       | |  3.6
Shields        | |  3.0

Action                     |  1- 3 |  4- 6 |  7- 9 || total
---------------------------+-------+-------+-------++-------
  Melee: War axe           |    46 |   105 |    96 ||   247
         Constrict         |    12 |    27 |    23 ||    62
         Tentacles         |     7 |    20 |    24 ||    51
         Punch             |     1 |     3 |       ||     4
  Throw: Dart              |       |       |     6 ||     6
    Use: Potion            |       |     4 |     6 ||    10
   Stab: Sleeping          |     5 |     7 |     6 ||    18
         Distracted        |       |       |     2 ||     2
 Armour: Skin              |    19 |    58 |    44 ||   121
  Dodge: Dodged            |    23 |    77 |    54 ||   154
  Block: Buckler           |     7 |    29 |    14 ||    50

Table legend: (Time is in decaauts)
 A = Elapsed time spent in this place.
 B = Non-inter-level travel time spent in this place.
 C = Inter-level travel time spent in this place.
 D = Time resting spent in this place.
 E = Time spent auto-exploring this place.
 F = Levels seen in this place.
 G = Mean time per level.
                   A        B        C        D        E       F      G
               +--------+--------+--------+--------+--------+-----+--------+
         Total |   5979 |   5838 |    141 |   1464 |   3590 |   7 |  854.1 |
       Dungeon |   5977 |   5836 |    141 |   1464 |   3590 |   6 |  996.2 |
        Temple |      1 |      1 |      0 |      0 |      0 |   1 |    1.0 |
               +--------+--------+--------+--------+--------+-----+--------+

Top non-repeatable levels by time:
     D:5: 1978 daAuts
     D:3: 1427 daAuts
     D:1: 983 daAuts
     D:2: 821 daAuts
     D:4: 732 daAuts
     D:6: 34 daAuts
  Temple: 1 daAuts
